 Dungeon Crawl Stone Soup version 0.30.1-9-gdf580d7c3d (webtiles) character file.

Game seed: 14839496445407786596

9342 Dillybarz the Cleaver (level 11, -2/99 HPs)
             Began as a Minotaur Fighter on Sept 29, 2023.
             Was an Elder of Okawaru.
             Slain by a nine-headed hydra (9 damage)
             ... on level 10 of the Dungeon.
             The game lasted 00:34:08 (9605 turns).

Dillybarz the Cleaver (Minotaur Fighter)            Turns: 9605, Time: 00:34:09

Health: -2/99      AC: 19    Str: 25    XL:     11   Next: 21%
Magic:  10/12      EV: 14    Int:  5    God:    Okawaru [****..]
Gold:   535        SH:  7    Dex: 10    Spells: 10/10 levels left

rFire   . . .        z - +2 hand axe (venom)
rCold   . . .        c - +0 buckler
rNeg    . . .        J - +0 plate armour
rPois   .            (helmet restricted)
rElec   .            w - scarf {repulsion}
rCorr   .            o - +1 pair of gloves
SInv    .            (no boots)
Will    .....        (no amulet) Stlth
                     i - +5 ring of evasion
HPRegen 0.36/turn    (no ring)
MPRegen 0.13/turn

%: repel missiles
@: heroic
A: horns 2, retaliatory headbutt
a: Renounce Religion, Heroism, Finesse


You were on level 10 of the Dungeon.
You worshipped Okawaru.
Okawaru was greatly pleased with you.
You visited 2 branches of the dungeon, and saw 11 of its levels.
You also visited: Ossuary.

You collected 593 gold pieces.
You spent 58 gold pieces at shops.

Inventory:

Hand Weapons
 a - a +1 war axe
 z - a +2 hand axe of venom (weapon)
Missiles
 g - 87 stones
 l - 6 javelins
 p - 29 poisoned darts (quivered)
 y - 5 silver javelins
 D - 2 throwing nets
Armour
 c - a +0 buckler (worn)
 o - a +1 pair of gloves (worn)
 w - a scarf of repulsion (worn)
 J - a +0 plate armour (worn)
Jewellery
 i - a +5 ring of evasion (left hand)
 H - a +6 ring of strength
Wands
 r - a wand of mindburst (12)
 v - a wand of roots (24)
 B - a wand of flame (14)
Scrolls
 e - 2 scrolls of immolation
 j - 2 scrolls of enchant weapon
 q - 4 scrolls of identify
 x - 4 scrolls of blinking
 C - a scroll of vulnerability
 F - 2 scrolls of teleportation
 G - a scroll of fog
Potions
 b - 4 potions of curing
 d - 3 potions of might
 f - 2 potions of haste
 h - 3 potions of heal wounds
 k - 5 potions of attraction
 m - 2 potions of magic
 n - 3 potions of cancellation
 s - a potion of brilliance
 t - 7 potions of flight
 u - a potion of lignification
 A - 2 potions of ambrosia
 E - 2 potions of mutation
 I - 2 potions of invisibility


   Skills:
 + Level 9.9(14.9) Fighting
 * Level 13.1(18.1) Axes
 + Level 9.8(14.8) Armour
 + Level 9.9(14.9) Shields
 + Level 3.7 Invocations


You had 10 spell levels left.
You didn't know any spells.
Your spell library contained the following spells:

 Spells                   Type           Power      Damage    Failure   Level
 Apportation              Tloc           0%         N/A       99%         1
 Necrotise                Necr           0%         1d4       99%         1
 Volatile Blastmotes      Fire/Tloc      0%         2d10      100%        3
 Anguish                  Hex/Necr       0%         N/A       100%        4
 Cause Fear               Hex            0%         N/A       100%        4
 Fulminant Prism          Conj/Hex       0%         3d5       100%        4
 Iskenderun's Mystic Bla  Conj/Tloc      0%         2d3       100%        4
 Passage of Golubria      Tloc           0%         N/A       100%        4
 Lee's Rapid Deconstruct  Erth           0%         3d4*      100%        5
 Yara's Violent Unravell  Hex/Tmut       0%         3d3       100%        5
 Enfeeble                 Hex            0%         N/A       100%        7
 Orb of Destruction       Conj           0%         9d5       100%        7
 Summon Small Mammal      Summ           Unusable   N/A       N/A         1
 Summon Guardian Golem    Hex/Summ       Unusable   N/A       N/A         3
 Tukima's Dance           Hex            Unusable   N/A       N/A         3
 Spellforged Servitor     Conj/Summ      Unusable   N/A       N/A         7

Dungeon Overview and Level Annotations

Branches:
Dungeon (10/15)            Temple (1/1) D:7            Lair (0/5) D:8
    Orc (0/2) D:9         Ossuary (visited)

Altars:
Ashenzari
Cheibriados
Dithmenos
Elyvilon
Fedhas
Gozag
Hepliaklqana
Kikubaaqudgha
Makhleb
Nemelex Xobeh
Okawaru
Qazlal
Ru
Sif Muna
Trog
Uskayaw
Vehumet
Wu Jian
Xom
Zin
The Shining One

Shops:
D:2 [[(   D:3 [   D:5 (:[   D:9 (

Annotations:
Temple 2 transporters


Innate Abilities, Weirdness & Mutations

You have a pair of horns on your head.
You reflexively headbutt those who attack you in melee.


Message History

The six-headed hydra grows two more!
You hit the eight-headed hydra.
The eight-headed hydra looks as sick as possible!
The eight-headed hydra is lightly wounded.
You barely miss the eight-headed hydra. You headbutt the eight-headed hydra.
The eight-headed hydra is lightly wounded.
The eight-headed hydra bites you but does no damage.
The eight-headed hydra bites you!
The eight-headed hydra closely misses you.
The eight-headed hydra bites you but does no damage. x3
You block the eight-headed hydra's attack.
The eight-headed hydra bites you.
You chop one of the eight-headed hydra's heads off!
The seven-headed hydra grows two more!
You slash the nine-headed hydra!
The nine-headed hydra is lightly wounded.
The nine-headed hydra misses you.
The nine-headed hydra bites you but does no damage.
The nine-headed hydra bites you! x2
* * * LOW HITPOINT WARNING * * *
The nine-headed hydra bites you but does no damage. x3
The nine-headed hydra closely misses you.
The nine-headed hydra bites you but does no damage.
The nine-headed hydra attacks as you move away!
The nine-headed hydra bites you.
* * * LOW HITPOINT WARNING * * *
The nine-headed hydra closely misses you.
The nine-headed hydra bites you.
* * * LOW HITPOINT WARNING * * *
The nine-headed hydra bites you but does no damage.
The nine-headed hydra closely misses you.
The nine-headed hydra bites you!
* * * LOW HITPOINT WARNING * * *
The nine-headed hydra misses you.
The nine-headed hydra barely misses you.
The nine-headed hydra completely misses you.
The nine-headed hydra closely misses you.
The nine-headed hydra bites you but does no damage.
The nine-headed hydra bites you.
* * * LOW HITPOINT WARNING * * *
The nine-headed hydra bites you!
You die...

####...§≈§§§§# .D
#...._.≈≈.§≈.##..
#...[..≈§.§≈..#T#
#.....§≈.§≈§.. .#
####§.≈..§§..##.#
#.≈≈..≈≈.##..#
#.≈§..≈.....##
#.≈§§≈≈D..###
#.....@.###
#########


You could see a nine-headed hydra (very poisoned).

Vanquished Creatures
  2 two-headed ogres (D:9)
  A boulder beetle (D:10)
  A manticore (D:9)
  A troll (D:10)
  2 wyverns
  A wraith (D:10)
  A basilisk (D:8)
  6 yaks
  2 vampire mosquitoes (D:10)
  2 steam dragons
  An acid dragon (D:9)
  2 water moccasins
  An ice beast (D:7)
  2 black bears
  2 hornet zombies (Ossuary)
  2 orc warriors
  An ogre (D:6)
  3 centaurs
  A phantom (D:5)
  2 kobold brigands
  2 wyvern zombies (Ossuary)
  5 bullfrogs
  2 scorpions (D:7)
  A gnoll sergeant (D:7)
  2 water moccasin zombies (Ossuary)
  9 wights
  17 killer bees
  3 howler monkeys (D:9)
  7 bullfrog zombies (Ossuary)
  2 centaur zombies (Ossuary)
  4 hounds
  9 orc priests
  A jelly (D:6)
  3 iguanas
  4 orc wizards
  15 mummies (Ossuary)
  3 howler monkey zombies (Ossuary)
  13 adders
  13 gnolls
  2 ufetubi
  3 worms
  7 dart slugs
  29 orcs
  7 bats
  6 endoplasms
  3 giant cockroaches
  8 hobgoblins
  3 quokkas
  7 ball pythons
  4 frilled lizards
  7 goblins
  17 kobolds
  2 rats
256 creatures vanquished.

Vanquished Creatures (others)
  An orc (D:7)
1 creature vanquished.

Grand Total: 257 creatures vanquished

Notes
Turn   | Place    | Note
-------+----------+-------------------------------------------
     0 | D:1      | Dillybarz the Minotaur Fighter began the quest for the Orb.
     0 | D:1      | Reached XP level 1. HP: 19/19 MP: 0/0
   173 | D:1      | Reached XP level 2. HP: 27/27 MP: 1/1
   262 | D:1      | Reached skill level 3 in Axes
   517 | D:1      | Reached XP level 3. HP: 33/33 MP: 2/2
   847 | D:2      | Found Buegah's Weapon Emporium.
   951 | D:2      | Found Fuloi's Antique Armour Emporium.
  1040 | D:2      | Reached XP level 4. HP: 40/40 MP: 3/3
  1128 | D:2      | Found Nucituar's Armour Emporium.
  1136 | D:2      | Bought a +0 pair of gloves for 58 gold pieces
  1228 | D:2      | Noticed a great orb of eyes
  1230 | D:2      | Found a faded altar of an unknown god.
  1233 | D:2      | Noticed a golden eye
  1234 | D:2      | Noticed a golden eye
  1234 | D:2      | Noticed a shining eye
  1454 | D:3      | Found Mili Xocu's Armour Emporium.
  1567 | D:3      | Reached skill level 4 in Axes
  2158 | D:4      | Reached XP level 5. HP: 46/47 MP: 4/4
  2886 | D:5      | Entered Level 5 of the Dungeon
  2963 | D:5      | Reached skill level 5 in Axes
  2989 | D:5      | Found Iczushre's Book Shoppe.
  2999 | D:5      | Found Feomes's Antique Weapon Shoppe.
  3008 | D:5      | Reached XP level 6. HP: 37/55 MP: 5/5
  3061 | D:5      | Reached skill level 5 in Shields
  3086 | D:5      | Reached skill level 5 in Fighting
  3086 | D:5      | Reached skill level 5 in Armour
  3398 | D:5      | Found a glowing silver altar of Zin.
  3422 | D:5      | Reached skill level 6 in Axes
  3455 | D:5      | Found Reizyck's Armour Emporium.
  3615 | D:5      | Noticed a water moccasin
  3623 | D:5      | Killed a water moccasin
  3624 | D:5      | Reached XP level 7. HP: 61/61 MP: 6/6
  3638 | D:5      | Found a burning altar of Makhleb.
  4138 | D:6      | Reached skill level 7 in Axes
  4215 | D:6      | Found a hazy altar of Hepliaklqana.
  4265 | D:6      | Reached XP level 8. HP: 69/70 MP: 7/7
  5002 | D:7      | Reached skill level 8 in Axes
  5029 | D:7      | Noticed a +0 dagger
  5030 | D:7      | Noticed a +0 dagger
  5033 | D:7      | Found a hide-covered altar of Uskayaw.
  5075 | D:7      | Found a sand-covered staircase.
  5089 | Ossuary  | Entered an ossuary
  5127 | Ossuary  | Reached skill level 9 in Axes
  5294 | Ossuary  | Reached XP level 9. HP: 49/79 MP: 8/8
  5868 | D:7      | Reached skill level 10 in Axes
  6017 | D:7      | Found a staircase to the Ecumenical Temple.
  6026 | Temple   | Entered the Ecumenical Temple
  6026 | Temple   | Found a transporter.
  6026 | Temple   | Found a transporter.
  6028 | Temple   | Found a transporter.
  6028 | Temple   | Found a transporter.
  6042 | Temple   | Became a worshipper of Warmaster Okawaru
  6577 | D:8      | Reached * piety under Okawaru
  6599 | D:8      | Reached skill level 11 in Axes
  6692 | D:8      | Found a staircase to the Lair.
  6716 | D:8      | Reached XP level 10. HP: 88/90 MP: 9/9
  7111 | D:8      | Reached ** piety under Okawaru
  7501 | D:9      | Reached skill level 1 in Invocations
  7523 | D:9      | Noticed a two-headed ogre
  7717 | D:9      | Noticed a two-headed ogre
  7728 | D:9      | Killed a two-headed ogre
  7742 | D:9      | Reached skill level 12 in Axes
  7959 | D:9      | Noticed a manticore
  7962 | D:9      | Reached *** piety under Okawaru
  7971 | D:9      | Killed a manticore
  8102 | D:9      | Found Hebb's Antique Weapon Boutique.
  8270 | D:9      | Found a snail-covered altar of Cheibriados.
  8270 | D:9      | Found a glowing golden altar of the Shining One.
  8283 | D:9      | Found a staircase to the Orcish Mines.
  8324 | D:9      | Killed a two-headed ogre
  8773 | D:9      | Reached **** piety under Okawaru
  8783 | D:9      | Reached XP level 11. HP: 99/99 MP: 12/12
  9170 | D:10     | Entered Level 10 of the Dungeon
  9288 | D:10     | Noticed a boulder beetle
  9302 | D:10     | Killed a boulder beetle
  9303 | D:10     | Reached skill level 13 in Axes
  9451 | D:10     | Found a radiant altar of Vehumet.
  9564 | D:10     | Found a sparkling altar of Nemelex Xobeh.
  9591 | D:10     | Noticed a six-headed hydra
  9605 | D:10     | Slain by a nine-headed hydra

Illustrated notes

Levels and vault maps discovered:
D:1:      lemuel_arrival_broad_hall, layout_basic, minmay_heptomino_h4
D:2:      layout_rooms, serial_shops, shop, nicolae_shop_tiny_statue_garden,
          nicolae_shop_bloodbath_and_beyond,
          hellmonk_ecumenical_altar_watching_god, minmay_misc_feat_alley
D:3:      layout_basic, serial_shops, shop, minmay_misc_feat_columns,
          kennysheep_boxes
D:4:      layout_loops_ring, nicolae_hexahallways
D:5:      layout_loops_ring, lightli_temple_of_fire,
          mainiacjoe_overflow_boulevard, serial_shops, shop, shop, shop
D:6:      minmay_inner_zag, layout_loops_ring, old_standard_altar
D:7:      layout_rooms, dancing_weapons_uskayaw, minmay_temple_entry_overgrown,
          enter_ossuary_1
D:8:      layout_basic, david_lair_generic
D:9:      layout_basic, nicolae_overflow_two_pavilions, orc_0_dummy,
          serial_shops, shop
D:10:     layout_rooms, mainiacjoe_overflow_catch_the_wave, pf_just_have_faith,
          minmay_microvault
Temple:   hellmonk_temple_divided_pantheon

Skill      XL: |  1  2  3  4  5  6  7  8  9 10 11 |
---------------+----------------------------------+-----
Axes           | 3 4 5 6 7 9 11 12 13 | 13.1
Shields        | 4 5 6 7 8 9 |  9.9
Fighting       | 4 5 6 7 8 9 |  9.9
Armour         | 4 5 6 7 8 9 |  9.8
Invocations    | 3 |  3.7

Action                     |  1- 3 |  4- 6 |  7- 9 | 10-12 || total
---------------------------+-------+-------+-------+-------++-------
  Melee: War axe           |    72 |   143 |    32 |       ||   247
         Headbutt          |     4 |    13 |    66 |    46 ||   129
         Hand axe          |       |       |   308 |   224 ||   532
  Throw: Stone             |       |       |     3 |       ||     3
         Dart              |       |       |       |     1 ||     1
 Invoke: Heroism           |       |       |       |     1 ||     1
    Use: Scroll            |       |    11 |    11 |     3 ||    25
         Potion            |       |       |     1 |       ||     1
 Armour: Scale mail        |    36 |    19 |       |       ||    55
         Chain mail        |       |    52 |   120 |    59 ||   231
         Plate armour      |       |       |       |    31 ||    31
  Dodge: Dodged            |    41 |    81 |   161 |   124 ||   407
  Block: Buckler           |    14 |    33 |    77 |    65 ||   189
